 Dungeon Crawl Stone Soup version 0.20.1-1-g8b1a95d (webtiles) character file.

71 Gremour the Skirmisher (level 4, -1/40 HPs)
             Began as a Draconian Monk on Sept 14, 2017.
             Was a Priest of Ashenzari.
             Slain by Natasha (8 damage)
             ... on level 2 of the Dungeon.
             The game lasted 00:14:42 (1948 turns).

Gremour the Skirmisher (Draconian Monk)             Turns: 1948, Time: 00:14:43

Health: -1/40      AC:  5    Str: 13    XL:     4   Next: 5%
Magic:  4/4        EV: 13    Int: 16    God:    Ashenzari [***...]
Gold:   99         SH:  0    Dex: 14    Spells: 3/3 levels left

rFire    . . .     SeeInvis +   a - +0 falchion
rCold    . . .     Gourm    .   (no shield)
rNeg     . . .     Faith    .   (armour unavailable)
rPois    +         Spirit   .   (helmet restricted)
rElec    .         Reflect  .   (no cloak)
rCorr    +         Harm     .   (no gloves)
MR       .....                  (no boots)
Stlth    ++........             (no amulet)
Regen    0.2/turn               n - ring of resist corrosion (curse)
MPRegen  0.1/turn               s - ring of poison resistance

@: brilliant, flying, slowed, very slow
A: unfitting armour, cold-blooded, AC +5
a: Curse Item, Scrying, Renounce Religion


You were on level 2 of the Dungeon.
You worshipped Ashenzari.
Ashenzari was most pleased with you.
You were not hungry.

You visited 1 branch of the dungeon, and saw 3 of its levels.

You collected 99 gold pieces.

Inventory:

Hand Weapons
 a - a +0 falchion (weapon)
 b - a +0 short sword
 m - a +0 spear (quivered)
 q - a +0 spear
 r - a +0 falchion
Jewellery
 n - a cursed ring of resist corrosion (left hand)
 s - a ring of poison resistance (right hand)
Scrolls
 d - a scroll of amnesia {unknown}
 g - a scroll of identify {unknown}
 h - a scroll of blinking {unknown}
 i - a scroll of enchant armour {unknown}
 k - 2 scrolls of teleportation {unknown}
 u - a scroll of enchant weapon {unknown}
 v - a scroll of magic mapping {unknown}
Potions
 l - a potion of degeneration {unknown}
 o - a potion of flight
 p - a potion of agility {unknown}
Books
 t - a book of Maledictions

   Spells                             Type                      Level
   a - Corona                         Hexes                        1
   b - Ensorcelled Hibernation        Hexes/Ice                    2
   c - Confuse                        Hexes                        3
   d - Tukima's Dance                 Hexes                        3
   e - Dazzling Spray                 Conjuration/Hexes            3
Comestibles
 e - a bread ration
 f - 2 royal jellies


   Skills:
 + Level 3.8 Fighting
 + Level 3.6 Long Blades
 + Level 3.3 Dodging
 * Level 2.4 Stealth


You had 3 spell levels left.
You didn't know any spells.

Dungeon Overview and Level Annotations

Branches:
Dungeon (3/15)

Altars:
Ashenzari

Annotations:
D:2 Natasha


Innate Abilities, Weirdness & Mutations

Your plain brown scales are hard. (AC +5)
You cannot fit into any form of body armour.
You are cold-blooded and may be slowed by cold attacks.


Message History

There is a stone staircase leading up here.
Natasha mewls in sadness.
Natasha misses you.
You climb upwards.
There is a stone staircase leading down here.
Unknown command.
Natasha claws you.
* * * LOW HITPOINT WARNING * * *
Natasha claws you but does no damage.
There is an open door here.
You feel better. Natasha misses you. Natasha claws you but does no damage.
Natasha claws you.
* * * LOW HITPOINT WARNING * * *
It was a potion of brilliance.
You feel clever all of a sudden. Natasha misses you.
It was a potion of flight.
You feel very buoyant.
You fly up into the air.
Natasha claws you!
You die...

##########.## #.# .....#
#.# ##.#### ####.# #.#
#.....# #.# ##'## #..##.#
## #.# ##...## #...#†# .#
#.###.....## #.#.#.#
.###.##.......## ##.....#
.....#).....>..####....###
.....'.........h@......#
..####.........####....#
.## ##.......## ##.#.# .#
##.....## ###.# .#
##...##########.##### ##
##'##...##.........# #
########.#.###.#.###.###.#
# #............#.#..##.#
#.# #
#.######.#.#.#.#.....# #.#


You could see Natasha.

Vanquished Creatures
  3 adders
  A worm (D:2)
  A dart slug (D:1)
  2 leopard geckos
  2 giant cockroaches
  5 goblins
  5 hobgoblins
  2 jackals (D:2)
  3 kobolds (D:1)
  A ball python (D:1)
  5 bats
  3 frilled lizards
  5 rats
38 creatures vanquished.

Notes
Turn   | Place    | Note
-------+----------+-------------------------------------------
     0 | D:1      | Gremour the Draconian Monk began the quest for the Orb.
     0 | D:1      | Reached XP level 1. HP: 19/19 MP: 1/1
   180 | D:1      | Reached XP level 2. HP: 19/26 MP: 2/2
   670 | D:2      | Found a faded altar of an unknown god.
   816 | D:2      | Became a worshipper of Ashenzari the Shackled
   816 | D:2      | Reached * piety under Ashenzari
   816 | D:2      | Reached ** piety under Ashenzari
  1005 | D:2      | Reached XP level 3. HP: 30/31 MP: 3/3
  1294 | D:2      | Reached *** piety under Ashenzari
  1898 | D:3      | Reached XP level 4. HP: 18/40 MP: 4/4
  1922 | D:3      | Noticed Natasha
  1942 | D:2      | HP: 1/40 [Natasha (5)]
  1948 | D:2      | Slain by Natasha

Skill      XL: |  1  2 |
---------------+-------+-----
Dodging        | 3 |  3.3
Stealth        | 2 |  2.4
Fighting       | |  3.8
Long Blades    | |  3.6

Action                   |  1- 3 |  4- 6 || total
-------------------------+-------+-------++-------
Melee: Falchion          |   101 |       ||   101
       Tailslap          |    15 |       ||    15
       Short sword       |     9 |       ||     9
Invok: Curse Item        |     1 |       ||     1
  Use: Potion            |     1 |     3 ||     4
 Stab: Sleeping          |     8 |       ||     8
  Eat: Chunk             |     3 |       ||     3
Armor: Skin              |    35 |     3 ||    38
Dodge: Dodged            |    78 |     3 ||    81
       Rpst.: Falchion   |    30 |       ||    30
